Edmonton Oilers vs Winnipeg Jets
(R3)
Created - Thursday, March 23, 2023 at 08:45
Goals
|
| Edmonton Oilers |
2 |
0 |
2 |
4 |
| Winnipeg Jets |
1 |
1 |
1 |
3 |
|
Shots
|
| Edmonton Oilers |
14 |
16 |
15 |
45 |
| Winnipeg Jets |
16 |
14 |
12 |
42 |
|
1st period
1. Edmonton Oilers , Cam Atkinson 4 (Paul Stastny 1, Anthony Duclair 10) at 4:03
2. Winnipeg Jets , Tyler Toffoli 2 (Kevin Shattenkirk 2, Dylan Larkin 5) at 4:20
3. Edmonton Oilers , Jamie Benn 4 (Cam Atkinson 5, Boone Jenner 7) at 5:07
Penalties :
Anthony Duclair (EDM) for Delaying the game (Minor) at 1:44, Damon Severson (EDM) for Interference (Minor) at 8:45, Aaron Ekblad (WPG) for Hooking (Minor) at 12:15
2nd period
4. Winnipeg Jets , Jonathan Marchessault 3 (Nick Suzuki 4, John Klingberg 2) at 15:24
Penalties :
Aaron Ekblad (WPG) for Boarding (Minor) at 6:33, Brandon Montour (WPG) for Goalie Interference (Minor) at 11:12
3rd period
5. Winnipeg Jets , Seth Jones 2 (Andrew Cogliano 1, Connor Hellebuyck) at 6:22 (SH)
6. Edmonton Oilers , Anthony Duclair 1 (Adrian Kempe 6, Boone Jenner 8) at 6:38 (PP)
7. Edmonton Oilers , Jakub Voracek 1 (Brock Boeser 1, Ryan Getzlaf 3) at 15:21 (PP)
Penalties :
Brandon Montour (WPG) for Hooking (Minor) at 4:57, Seth Jones (WPG) for High sticking (Minor) at 15:16, Tyler Toffoli (WPG) for Tripping (Minor) at 19:40
Goalie Stats
Juuse Saros (EDM), 39 saves from 42 shots - (0.929), W, 3-3-0, 60:00 minutes
Connor Hellebuyck (WPG), 41 saves from 45 shots - (0.911), L, 5-3-1, 59:20 minutes
Players Stats for Edmonton Oilers
Player Name G A P +/- PIM S H SB GA TA FO MP PP MP PK MP
------------------------------------------------------------------------------------
Adrian Kempe 0 1 1 -1 0 6 2 1 1 1 0/3 17:37 4:42 0:00
Alex Iafallo 0 0 0 0 0 1 1 0 2 0 1/1 14:38 0:11 2:10
Anthony Duclair 1 1 2 -1 2 7 0 0 1 1 0/0 19:11 5:22 0:00
Boone Jenner 0 2 2 0 0 5 0 0 0 0 16/28 22:36 4:42 1:46
Brandon Carlo 0 0 0 -2 0 1 2 0 0 1 0/0 16:27 0:00 1:17
Brett Pesce 0 0 0 1 0 2 0 0 0 2 0/0 23:36 0:00 2:41
Brock Boeser 0 1 1 -1 0 1 2 0 1 0 0/0 15:16 3:09 0:00
Cam Atkinson 1 1 2 1 0 5 0 0 0 0 0/0 18:16 2:40 0:02
Damon Severson 0 0 0 -1 2 2 1 1 0 0 0/0 23:50 5:22 0:42
Duncan Keith 0 0 0 -2 0 2 0 2 0 1 0/0 16:38 0:00 0:35
Erik Johnson 0 0 0 2 0 0 3 0 0 0 0/0 17:39 0:00 2:41
Evan Bouchard 0 0 0 1 0 0 1 0 0 1 0/0 13:01 2:40 0:00
Jakub Voracek 1 0 1 -1 0 3 0 0 0 0 0/0 9:35 3:09 0:00
Jamie Benn 1 0 1 0 0 4 1 0 0 0 0/0 19:57 4:42 0:00
Mikael Backlund 0 0 0 0 0 0 1 2 1 0 8/13 15:31 0:11 2:10
Paul Stastny 0 1 1 1 0 3 1 0 1 0 0/0 7:09 0:11 0:02
Ryan Getzlaf 0 1 1 -2 0 3 2 2 0 1 11/24 15:58 3:09 0:00
Sean Kuraly 0 0 0 0 0 0 1 1 0 0 0/0 9:05 0:00 1:46
Players Stats for Winnipeg Jets
Player Name G A P +/- PIM S H SB GA TA FO MP PP MP PK MP
------------------------------------------------------------------------------------
Aaron Ekblad 0 0 0 -1 4 3 2 1 0 1 0/0 23:22 2:09 3:15
Andrew Cogliano 0 1 1 -1 0 1 2 0 1 0 0/0 12:43 0:00 5:34
Andrew Copp 0 0 0 1 0 0 1 0 1 0 0/1 13:04 0:00 1:59
Brandon Montour 0 0 0 -1 4 4 1 1 0 1 0/0 25:43 2:09 1:40
Connor McDavid 0 0 0 -1 0 4 2 0 1 0 20/34 17:52 1:59 0:00
Dylan Larkin 0 1 1 1 0 6 1 0 1 0 4/9 15:11 1:59 0:00
Jacob Trouba 0 0 0 1 0 1 2 3 0 1 0/0 19:18 0:00 2:29
John Klingberg 0 1 1 0 0 0 1 0 0 0 0/0 10:54 1:49 0:00
Jonathan Marchessault 1 0 1 1 0 2 2 0 0 0 1/1 11:13 0:05 0:00
Kevin Shattenkirk 0 1 1 2 0 3 0 0 0 0 0/0 13:46 0:00 5:33
Kyle Palmieri 0 0 0 -1 0 0 0 0 0 0 0/0 6:31 0:00 0:00
Mark Stone 0 0 0 0 0 3 2 1 0 0 1/2 18:28 1:54 0:40
Mathew Barzal 0 0 0 2 0 3 0 0 1 0 0/0 16:17 1:59 0:25
Nick Suzuki 0 1 1 1 0 1 2 1 0 1 2/5 13:04 0:00 1:59
Pius Suter 0 0 0 -1 0 2 0 0 1 0 4/16 12:19 0:00 5:27
Ryan Nugent-Hopkins 0 0 0 -1 0 4 1 0 1 0 1/1 17:52 1:59 0:00
Seth Jones 1 0 1 1 2 2 2 0 0 3 0/0 28:11 1:49 3:07
Tyler Toffoli 1 0 1 1 2 3 1 0 1 0 0/0 16:04 1:59 0:00
3 Stars
1 - Cam Atkinson (EDM)
2 - Jonathan Marchessault (WPG)
3 - Juuse Saros (EDM)
Power Play
Edmonton Oilers - 2 on 6 Attempt(s) - 33.33%
Winnipeg Jets - 0 on 2 Attempt(s) - 0.00%
Penalty Kill
Edmonton Oilers - 2 on 2 Attempt(s) - 100.00%
- Score 0 goal in Penalty Kill
Winnipeg Jets - 4 on 6 Attempt(s) - 66.67%
- Score 1 goal in Penalty Kill
Team Stat
Edmonton Oilers - Hits : 18 - Faceoff Wins : 36 - Blocked Shots : 9 - Penalty Minutes : 4
Winnipeg Jets - Hits : 22 - Faceoff Wins : 33 - Blocked Shots : 7 - Penalty Minutes : 12
Official
Referees : Francis Charron and Jon Mclsaac
Linesman : Thor Nelson and Mark Shewchyk
Game Notes
No Game Note
Finance
Level 1 -- Attendance: 5607 (93.45%) -- Ticket Income $515,844
Level 2 -- Attendance: 4555 (91.10%) -- Ticket Income $250,525
Level 3 -- Attendance: 2745 (91.50%) -- Ticket Income $82,350
Level 4 -- Attendance: 4446 (88.92%) -- Ticket Income $97,812
Luxury Box -- Attendance: 863 (86.30%) -- Ticket Income $163,970
Game was played at the MTS Centre.
Total Attendance: 18216 (91.08%)
Total Ticket Income: $1,110,501
Other Income: $388,675
Total Income: $1,499,176
Edmonton Oilers
5 vs 5 Forward
Center Left Wing Right Wing Time % Phy DF OF
1 Boone Jenner Jamie Benn Cam Atkinson 35 0 2 3
2 Ryan Getzlaf Anthony Duclair Adrian Kempe 34 0 2 3
3 Mikael Backlund Alex Iafallo Brock Boeser 21 0 2 3
4 Sean Kuraly Paul Stastny Jakub Voracek 10 1 2 2
5 vs 5 Defense
Defense Defense Time % Phy DF OF
1 Damon Severson Brett Pesce 35 0 3 2
2 Duncan Keith Brandon Carlo 31 0 4 1
3 Erik Johnson Evan Bouchard 22 1 2 2
4 Erik Johnson Brett Pesce 12 1 4 0
PowerPlay Forward
Center Left Wing Right Wing Time % Phy DF OF
1 Boone Jenner Jamie Benn Adrian Kempe 60 0 0 5
2 Ryan Getzlaf Jakub Voracek Brock Boeser 40 0 0 5
PowerPlay Defense
Defense Defense Time % Phy DF OF
1 Damon Severson Anthony Duclair 60 0 1 4
2 Evan Bouchard Cam Atkinson 40 0 1 4
Penalty Kill 4 Players Forward
Center Wing Time % Phy DF OF
1 Boone Jenner Sean Kuraly 50 1 4 0
2 Mikael Backlund Alex Iafallo 50 1 4 0
Penalty Kill 4 Players Defense
Defense Defense Time % Phy DF OF
1 Erik Johnson Brett Pesce 60 1 4 0
2 Damon Severson Brandon Carlo 40 1 4 0
Penalty Kill - 3 Players Forward
Forward Time % Phy DF OF
1 Boone Jenner 50 0 5 0
2 Mikael Backlund 50 0 5 0
Penalty Kill - 3 Players Defense
Defense Defense Time % Phy DF OF
1 Erik Johnson Brett Pesce 50 1 4 0
2 Damon Severson Brandon Carlo 50 1 4 0
4 vs 4 Forward
Center Wing Time % Phy DF OF
1 Jamie Benn Adrian Kempe 57 0 2 3
2 Mikael Backlund Anthony Duclair 43 0 2 3
4 vs 4 Defense
Defense Defense Time % Phy DF OF
1 Damon Severson Brett Pesce 56 0 3 2
2 Evan Bouchard Brandon Carlo 44 0 2 3
Last Minutes Offensive
Center Left Wing Right Wing Defense Defense
Boone Jenner Jamie Benn Adrian Kempe Damon Severson Evan Bouchard
Last Minutes Defensive
Center Left Wing Right Wing Defense Defense
Boone Jenner Sean Kuraly Mikael Backlund Erik Johnson Brett Pesce
Goaltenders
Starting : Juuse Saros
Backup : Matt Murray
Extra Forwards
Normal : Adrian Kempe, Brock Boeser, Paul Stastny - PP : Jakub Voracek, Paul Stastny - PK : Cam Atkinson
Extra Defensemen
Normal : Duncan Keith, Evan Bouchard, Damon Severson - PP : Duncan Keith - PK : Damon Severson, Duncan Keith
Penalty Shots
Boone Jenner, Anthony Duclair, Adrian Kempe, Cam Atkinson, Jakub Voracek
Winnipeg Jets
5 vs 5 Forward
Center Left Wing Right Wing Time % Phy DF OF
1 Connor McDavid Ryan Nugent-Hopkins Mark Stone 40 1 1 3
2 Dylan Larkin Mathew Barzal Tyler Toffoli 30 1 1 3
3 Nick Suzuki Jonathan Marchessault Andrew Copp 20 1 2 2
4 Pius Suter Andrew Cogliano Kyle Palmieri 10 1 2 2
5 vs 5 Defense
Defense Defense Time % Phy DF OF
1 Aaron Ekblad Seth Jones 40 1 2 2
2 Brandon Montour Jacob Trouba 30 1 2 2
3 Kevin Shattenkirk Seth Jones 20 1 2 2
4 John Klingberg Brandon Montour 10 1 2 2
PowerPlay Forward
Center Left Wing Right Wing Time % Phy DF OF
1 Connor McDavid Ryan Nugent-Hopkins Mark Stone 60 1 0 4
2 Dylan Larkin Mathew Barzal Tyler Toffoli 40 1 1 3
PowerPlay Defense
Defense Defense Time % Phy DF OF
1 Aaron Ekblad Brandon Montour 60 1 1 3
2 John Klingberg Seth Jones 40 1 2 2
Penalty Kill 4 Players Forward
Center Wing Time % Phy DF OF
1 Pius Suter Andrew Cogliano 60 1 3 1
2 Nick Suzuki Andrew Copp 40 1 3 1
Penalty Kill 4 Players Defense
Defense Defense Time % Phy DF OF
1 Aaron Ekblad Kevin Shattenkirk 60 1 3 1
2 Jacob Trouba Brandon Montour 40 1 3 1
Penalty Kill - 3 Players Forward
Forward Time % Phy DF OF
1 Pius Suter 60 1 2 2
2 Andrew Copp 40 1 2 2
Penalty Kill - 3 Players Defense
Defense Defense Time % Phy DF OF
1 Aaron Ekblad Kevin Shattenkirk 60 1 2 2
2 Jacob Trouba Seth Jones 40 1 2 2
4 vs 4 Forward
Center Wing Time % Phy DF OF
1 Nick Suzuki Mark Stone 60 1 2 2
2 Connor McDavid Jonathan Marchessault 40 1 2 2
4 vs 4 Defense
Defense Defense Time % Phy DF OF
1 John Klingberg Jacob Trouba 60 1 2 2
2 Kevin Shattenkirk Aaron Ekblad 40 1 2 2
Last Minutes Offensive
Center Left Wing Right Wing Defense Defense
Connor McDavid Ryan Nugent-Hopkins Tyler Toffoli Aaron Ekblad Brandon Montour
Last Minutes Defensive
Center Left Wing Right Wing Defense Defense
Pius Suter Andrew Cogliano Andrew Copp Kevin Shattenkirk Jacob Trouba
Goaltenders
Starting : Connor Hellebuyck
Backup : Jake Allen
Extra Forwards
Normal : Jonathan Marchessault, Mathew Barzal, Kyle Palmieri - PP : Jonathan Marchessault, Nick Suzuki - PK : Mark Stone
Extra Defensemen
Normal : John Klingberg, Brandon Montour, Seth Jones - PP : Jacob Trouba - PK : Seth Jones, John Klingberg
Penalty Shots
Connor McDavid, Ryan Nugent-Hopkins, Dylan Larkin, Nick Suzuki, Andrew Copp
% Time on Ice - Edmonton Oilers
Lines # - Real PCT - Wanted PCT - Time Play
Normal Forward
1 - 33% - 35% - 15:45
2 - 27% - 34% - 12:49
3 - 26% - 21% - 12:07
4 - 14% - 10% - 6:26
Normal Defense
1 - 39% - 35% - 18:16
2 - 32% - 31% - 15:15
3 - 22% - 22% - 10:16
4 - 7% - 12% - 3:20
PP Forward
1 - 61% - 60% - 4:53
2 - 39% - 40% - 3:09
PP Defense
1 - 67% - 60% - 5:22
2 - 33% - 40% - 2:40
PK Forward
1 - 45% - 50% - 1:48
2 - 55% - 50% - 2:10
PK Defense
1 - 68% - 60% - 2:41
2 - 32% - 40% - 1:17
PK3 Forward
1 - 0% - 50%
2 - 0% - 50%
PK3 Defense
1 - 0% - 50%
2 - 0% - 50%
44 Forward
1 - 0% - 57%
2 - 0% - 43%
44 Defense
1 - 0% - 56%
2 - 0% - 44%
Last Minute Offensive - 0:00
Last Minute Defensive - 0:53
Total
Forward - 60:00
Defense - 60:00
|
% Time on Ice - Winnipeg Jets
Lines # - Real PCT - Wanted PCT - Time Play
Normal Forward
1 - 35% - 40% - 16:18
2 - 28% - 30% - 13:12
3 - 24% - 20% - 11:05
4 - 14% - 10% - 6:31
Normal Defense
1 - 36% - 40% - 16:48
2 - 33% - 30% - 15:40
3 - 15% - 20% - 7:17
4 - 16% - 10% - 7:21
PP Forward
1 - 50% - 60% - 1:59
2 - 50% - 40% - 1:59
PP Defense
1 - 54% - 60% - 2:09
2 - 46% - 40% - 1:49
PK Forward
1 - 75% - 60% - 6:03
2 - 25% - 40% - 1:59
PK Defense
1 - 69% - 60% - 5:33
2 - 31% - 40% - 2:29
PK3 Forward
1 - 0% - 60%
2 - 0% - 40%
PK3 Defense
1 - 0% - 60%
2 - 0% - 40%
44 Forward
1 - 0% - 60%
2 - 0% - 40%
44 Defense
1 - 0% - 60%
2 - 0% - 40%
Last Minute Offensive - 0:54
Last Minute Defensive - 0:00
Total
Forward - 60:00
Defense - 60:00
|
Play-by-Play
1st period
0:01 of 1st period - Connor McDavid wins face-off versus Boone Jenner in neutral zone.
0:32 of 1st period - Snap shot by Anthony Duclair.
0:32 of 1st period - Deflect By Adrian Kempe.
0:32 of 1st period - Stopped by Connor Hellebuyck with a rebound.
0:34 of 1st period - Slapshot by Brett Pesce.
0:34 of 1st period - Deflect By Brandon Montour.
0:34 of 1st period - Stopped by Connor Hellebuyck without a rebound.
0:35 of 1st period - Mikael Backlund wins face-off versus Nick Suzuki in Winnipeg Jets zone.
0:36 of 1st period - Wrist shot by Brock Boeser.
0:36 of 1st period - Shot Blocked by Brandon Montour.
1:16 of 1st period - Slapshot by Pius Suter.
1:16 of 1st period - Shot Misses the Net.
1:44 of 1st period - Minor Penalty to Anthony Duclair for Delaying the game.
1:45 of 1st period - Connor McDavid wins face-off versus Boone Jenner in Edmonton Oilers zone.
3:34 of 1st period - Alex Iafallo is hit by Tyler Toffoli and loses puck.
3:44 of 1st period - Penalty to Anthony Duclair is over, Anthony Duclair is back on ice.
3:53 of 1st period - Wrist shot by Cam Atkinson.
3:53 of 1st period - Shot Misses the Net.
3:55 of 1st period - Snap shot by Brett Pesce.
3:55 of 1st period - Shot Misses the Net.
4:03 of 1st period - Wrist shot by Cam Atkinson.
4:03 of 1st period - Goal by Cam Atkinson - Edmonton Oilers : 1 - Winnipeg Jets : 0.
4:04 of 1st period - Ryan Getzlaf wins face-off versus Dylan Larkin in neutral zone.
4:07 of 1st period - Tyler Toffoli is hit by Brandon Carlo and loses puck.
4:14 of 1st period - Wrist shot by Dylan Larkin.
4:14 of 1st period - Shot Misses the Net.
4:16 of 1st period - Snap shot by Tyler Toffoli.
4:16 of 1st period - Stopped by Juuse Saros with a rebound.
4:18 of 1st period - Backhand shot by Kevin Shattenkirk.
4:18 of 1st period - Stopped by Juuse Saros with a rebound.
4:20 of 1st period - Wrist shot by Tyler Toffoli.
4:20 of 1st period - Goal by Tyler Toffoli - Edmonton Oilers : 1 - Winnipeg Jets : 1.
4:21 of 1st period - Connor McDavid wins face-off versus Boone Jenner in neutral zone.
4:38 of 1st period - Snap shot by Connor McDavid.
4:38 of 1st period - Stopped by Juuse Saros without a rebound.
4:39 of 1st period - Dylan Larkin wins face-off versus Ryan Getzlaf in Edmonton Oilers zone.
5:01 of 1st period - Icing by Seth Jones.
5:02 of 1st period - Boone Jenner wins face-off versus Connor McDavid in Winnipeg Jets zone.
5:07 of 1st period - Wrist shot by Jamie Benn.
5:07 of 1st period - Goal by Jamie Benn - Edmonton Oilers : 2 - Winnipeg Jets : 1.
5:08 of 1st period - Alex Iafallo wins face-off versus Connor McDavid in neutral zone.
5:13 of 1st period - Snap shot by Brock Boeser.
5:13 of 1st period - Stopped by Connor Hellebuyck with a rebound.
5:15 of 1st period - Snap shot by Evan Bouchard.
5:15 of 1st period - Shot Misses the Net.
5:26 of 1st period - Icing by Mark Stone.
5:27 of 1st period - Connor McDavid wins face-off versus Boone Jenner in Winnipeg Jets zone.
5:36 of 1st period - Slapshot by Cam Atkinson.
5:36 of 1st period - Deflect By Boone Jenner.
5:36 of 1st period - Stopped by Connor Hellebuyck without a rebound.
5:37 of 1st period - Connor McDavid wins face-off versus Boone Jenner in Winnipeg Jets zone.
6:06 of 1st period - Snap shot by Cam Atkinson.
6:06 of 1st period - Shot Misses the Net.
6:08 of 1st period - Wrist shot by Damon Severson.
6:08 of 1st period - Stopped by Connor Hellebuyck without a rebound.
6:09 of 1st period - Ryan Getzlaf wins face-off versus Connor McDavid in Winnipeg Jets zone.
6:12 of 1st period - Snap shot by Anthony Duclair.
6:12 of 1st period - Stopped by Connor Hellebuyck with a rebound.
6:19 of 1st period - Off-side.
6:20 of 1st period - Ryan Getzlaf wins face-off versus Dylan Larkin in neutral zone.
6:23 of 1st period - Wrist shot by Anthony Duclair.
6:23 of 1st period - Deflect By Seth Jones.
6:23 of 1st period - Stopped by Connor Hellebuyck with a rebound.
6:35 of 1st period - Slapshot by Dylan Larkin.
6:35 of 1st period - Stopped by Juuse Saros without a rebound.
6:36 of 1st period - Connor McDavid wins face-off versus Mikael Backlund in Edmonton Oilers zone.
6:37 of 1st period - Snap shot by Ryan Nugent-Hopkins.
6:37 of 1st period - Stopped by Juuse Saros with a rebound.
6:39 of 1st period - Wrist shot by Ryan Nugent-Hopkins.
6:39 of 1st period - Deflect By Connor McDavid.
6:39 of 1st period - Stopped by Juuse Saros without a rebound.
6:40 of 1st period - Connor McDavid wins face-off versus Mikael Backlund in Edmonton Oilers zone.
7:07 of 1st period - Snap shot by Anthony Duclair.
7:07 of 1st period - Shot Blocked by Nick Suzuki.
7:09 of 1st period - Slapshot by Brandon Carlo.
7:09 of 1st period - Stopped by Connor Hellebuyck with a rebound.
7:37 of 1st period - Wrist shot by Cam Atkinson.
7:37 of 1st period - Shot Misses the Net.
7:39 of 1st period - Slapshot by Duncan Keith.
7:39 of 1st period - Stopped by Connor Hellebuyck with a rebound.
7:59 of 1st period - Snap shot by Aaron Ekblad.
7:59 of 1st period - Stopped by Juuse Saros without a rebound.
8:00 of 1st period - Ryan Getzlaf wins face-off versus Connor McDavid in Edmonton Oilers zone.
8:45 of 1st period - Minor Penalty to Damon Severson for Interference.
8:46 of 1st period - Connor McDavid wins face-off versus Mikael Backlund in Edmonton Oilers zone.
9:19 of 1st period - Slapshot by Dylan Larkin.
9:19 of 1st period - Deflect By Mathew Barzal.
9:19 of 1st period - Shot Misses the Net.
9:19 of 1st period - Puck is out of play.
9:20 of 1st period - Dylan Larkin wins face-off versus Boone Jenner in Edmonton Oilers zone.
9:35 of 1st period - Snap shot by Mathew Barzal.
9:35 of 1st period - Shot Blocked by Sean Kuraly.
9:43 of 1st period - Wrist shot by Dylan Larkin.
9:43 of 1st period - Stopped by Juuse Saros with a rebound.
9:47 of 1st period - Wrist shot by Mathew Barzal.
9:47 of 1st period - Shot Blocked by Duncan Keith.
10:04 of 1st period - Slapshot by Seth Jones.
10:04 of 1st period - Shot Blocked by Mikael Backlund.
10:06 of 1st period - Slapshot by Mathew Barzal.
10:06 of 1st period - Shot Misses the Net.
10:08 of 1st period - Slapshot by Seth Jones.
10:08 of 1st period - Stopped by Juuse Saros with a rebound.
10:10 of 1st period - Wrist shot by Dylan Larkin.
10:10 of 1st period - Stopped by Juuse Saros without a rebound.
10:11 of 1st period - Mikael Backlund wins face-off versus Connor McDavid in Edmonton Oilers zone.
10:28 of 1st period - Wrist shot by Mark Stone.
10:28 of 1st period - Shot Blocked by Mikael Backlund.
10:45 of 1st period - Penalty to Damon Severson is over, Damon Severson is back on ice.
10:53 of 1st period - Off-side.
10:54 of 1st period - Nick Suzuki wins face-off versus Ryan Getzlaf in neutral zone.
11:05 of 1st period - Snap shot by Andrew Copp.
11:05 of 1st period - Shot Hit the Post.
11:17 of 1st period - Snap shot by Adrian Kempe.
11:17 of 1st period - Stopped by Connor Hellebuyck with a rebound.
11:29 of 1st period - Wrist shot by Jonathan Marchessault.
11:29 of 1st period - Stopped by Juuse Saros without a rebound.
11:30 of 1st period - Boone Jenner wins face-off versus Connor McDavid in Edmonton Oilers zone.
12:03 of 1st period - Wrist shot by Mathew Barzal.
12:03 of 1st period - Stopped by Juuse Saros with a rebound.
12:05 of 1st period - Slapshot by Brandon Montour.
12:05 of 1st period - Deflect By Alex Iafallo.
12:05 of 1st period - Stopped by Juuse Saros without a rebound.
12:06 of 1st period - Mikael Backlund wins face-off versus Connor McDavid in Edmonton Oilers zone.
12:06 of 1st period - Mikael Backlund is hit by Connor McDavid.
12:15 of 1st period - Minor Penalty to Aaron Ekblad for Hooking.
12:16 of 1st period - Boone Jenner wins face-off versus Pius Suter in Winnipeg Jets zone.
12:18 of 1st period - Wrist shot by Jamie Benn.
12:18 of 1st period - Shot Misses the Net.
13:29 of 1st period - Jacob Trouba is hit by Ryan Getzlaf and loses puck.
13:40 of 1st period - Damon Severson is hit by Jacob Trouba and loses puck.
14:09 of 1st period - Alex Iafallo is hit by Andrew Cogliano and loses puck.
14:15 of 1st period - Penalty to Aaron Ekblad is over, Aaron Ekblad is back on ice.
14:16 of 1st period - Andrew Cogliano is hit by Mikael Backlund and loses puck.
15:48 of 1st period - Aaron Ekblad is hit by Jamie Benn and loses puck.
16:27 of 1st period - Wrist shot by Cam Atkinson.
16:27 of 1st period - Shot Blocked by Jacob Trouba.
16:29 of 1st period - Wrist shot by Boone Jenner.
16:29 of 1st period - Stopped by Connor Hellebuyck without a rebound.
16:30 of 1st period - Connor McDavid wins face-off versus Ryan Getzlaf in Winnipeg Jets zone.
16:44 of 1st period - Wrist shot by Connor McDavid.
16:44 of 1st period - Stopped by Juuse Saros without a rebound.
16:45 of 1st period - Connor McDavid wins face-off versus Mikael Backlund in Edmonton Oilers zone.
17:21 of 1st period - Damon Severson is hit by Jonathan Marchessault and loses puck.
17:32 of 1st period - Snap shot by Paul Stastny.
17:32 of 1st period - Stopped by Connor Hellebuyck with a rebound.
17:52 of 1st period - Tyler Toffoli is hit by Brock Boeser and loses puck.
18:27 of 1st period - John Klingberg is hit by Brock Boeser and loses puck.
19:14 of 1st period - Snap shot by Ryan Nugent-Hopkins.
19:14 of 1st period - Shot Misses the Net.
19:16 of 1st period - Slapshot by Mark Stone.
19:16 of 1st period - Stopped by Juuse Saros with a rebound.
19:18 of 1st period - Snap shot by Mark Stone.
19:18 of 1st period - Shot Misses the Net.
19:20 of 1st period - Slapshot by John Klingberg.
19:20 of 1st period - Shot Misses the Net.
19:22 of 1st period - Wrist shot by Ryan Nugent-Hopkins.
19:22 of 1st period - Deflect By Mikael Backlund.
19:22 of 1st period - Shot Blocked by Duncan Keith.
19:22 of 1st period - Puck is out of play.
19:23 of 1st period - Ryan Getzlaf wins face-off versus Dylan Larkin in Edmonton Oilers zone.
19:36 of 1st period - Snap shot by Anthony Duclair.
19:36 of 1st period - Shot Misses the Net.
19:48 of 1st period - Brett Pesce is hit by Nick Suzuki and loses puck.
19:59 of 1st period - Wrist shot by Jamie Benn.
19:59 of 1st period - Shot Misses the Net.
Goals for this period are 2 for Edmonton Oilers vs 1 for Winnipeg Jets.
Shots for this period are 14 for Edmonton Oilers vs 16 for Winnipeg Jets.
2nd period
0:01 of 2nd period - Mark Stone wins face-off versus Ryan Getzlaf in neutral zone.
0:55 of 2nd period - Snap shot by Paul Stastny.
0:55 of 2nd period - Stopped by Connor Hellebuyck with a rebound.
1:52 of 2nd period - Snap shot by Cam Atkinson.
1:52 of 2nd period - Stopped by Connor Hellebuyck with a rebound.
1:54 of 2nd period - Slapshot by Cam Atkinson.
1:54 of 2nd period - Shot Misses the Net.
1:56 of 2nd period - Snap shot by Jamie Benn.
1:56 of 2nd period - Shot Misses the Net.
2:12 of 2nd period - Brett Pesce is hit by Jacob Trouba.
2:54 of 2nd period - Snap shot by Alex Iafallo.
2:54 of 2nd period - Shot Misses the Net.
2:56 of 2nd period - Snap shot by Alex Iafallo.
2:56 of 2nd period - Stopped by Connor Hellebuyck without a rebound.
2:57 of 2nd period - Pius Suter wins face-off versus Ryan Getzlaf in Winnipeg Jets zone.
2:57 of 2nd period - Pius Suter is hit by Erik Johnson.
3:03 of 2nd period - Kevin Shattenkirk is hit by Ryan Getzlaf and loses puck.
3:29 of 2nd period - Erik Johnson is hit by Seth Jones and loses puck.
3:46 of 2nd period - Sean Kuraly is hit by Dylan Larkin and loses puck.
3:53 of 2nd period - Slapshot by Paul Stastny.
3:53 of 2nd period - Shot Misses the Net.
4:32 of 2nd period - Pius Suter is hit by Alex Iafallo and loses puck.
4:41 of 2nd period - Snap shot by Pius Suter.
4:41 of 2nd period - Deflect By Andrew Cogliano.
4:41 of 2nd period - Stopped by Juuse Saros without a rebound.
4:42 of 2nd period - Boone Jenner wins face-off versus Mark Stone in Edmonton Oilers zone.
4:51 of 2nd period - Snap shot by Cam Atkinson.
4:51 of 2nd period - Deflect By Jamie Benn.
4:51 of 2nd period - Shot Blocked by Mark Stone.
4:51 of 2nd period - Puck is out of play.
4:52 of 2nd period - Connor McDavid wins face-off versus Boone Jenner in Winnipeg Jets zone.
5:05 of 2nd period - Snap shot by Mark Stone.
5:05 of 2nd period - Stopped by Juuse Saros without a rebound.
5:06 of 2nd period - Connor McDavid wins face-off versus Ryan Getzlaf in Edmonton Oilers zone.
5:33 of 2nd period - Slapshot by Brandon Montour.
5:33 of 2nd period - Stopped by Juuse Saros with a rebound.
5:41 of 2nd period - Snap shot by Dylan Larkin.
5:41 of 2nd period - Shot Misses the Net.
6:17 of 2nd period - Slapshot by Adrian Kempe.
6:17 of 2nd period - Deflect By Ryan Getzlaf.
6:17 of 2nd period - Stopped by Connor Hellebuyck with a rebound.
6:19 of 2nd period - Slapshot by Brett Pesce.
6:19 of 2nd period - Stopped by Connor Hellebuyck with a rebound.
6:21 of 2nd period - Snap shot by Anthony Duclair.
6:21 of 2nd period - Shot Misses the Net.
6:33 of 2nd period - Minor Penalty to Aaron Ekblad for Boarding.
6:34 of 2nd period - Boone Jenner wins face-off versus Pius Suter in Winnipeg Jets zone.
6:45 of 2nd period - Slapshot by Jamie Benn.
6:45 of 2nd period - Stopped by Connor Hellebuyck without a rebound.
6:46 of 2nd period - Boone Jenner wins face-off versus Pius Suter in Winnipeg Jets zone.
7:23 of 2nd period - Snap shot by Andrew Copp.
7:23 of 2nd period - Shot Misses the Net.
7:25 of 2nd period - Slapshot by Nick Suzuki.
7:25 of 2nd period - Stopped by Juuse Saros with a rebound.
7:27 of 2nd period - Slapshot by Jacob Trouba.
7:27 of 2nd period - Deflect By Damon Severson.
7:27 of 2nd period - Stopped by Juuse Saros without a rebound.
7:28 of 2nd period - Ryan Getzlaf wins face-off versus Pius Suter in Edmonton Oilers zone.
7:53 of 2nd period - Seth Jones is hit by Adrian Kempe.
7:57 of 2nd period - Boone Jenner is hit by Andrew Copp and loses puck.
8:06 of 2nd period - Nick Suzuki is hit by Evan Bouchard and loses puck.
8:33 of 2nd period - Penalty to Aaron Ekblad is over, Aaron Ekblad is back on ice.
8:55 of 2nd period - Slapshot by Aaron Ekblad.
8:55 of 2nd period - Shot Blocked by Damon Severson.
9:13 of 2nd period - Snap shot by Mathew Barzal.
9:13 of 2nd period - Stopped by Juuse Saros without a rebound.
9:14 of 2nd period - Jonathan Marchessault wins face-off versus Boone Jenner in Edmonton Oilers zone.
9:19 of 2nd period - Wrist shot by Jonathan Marchessault.
9:19 of 2nd period - Shot Misses the Net.
9:41 of 2nd period - Jonathan Marchessault is hit by Sean Kuraly and loses puck.
9:48 of 2nd period - Snap shot by Jakub Voracek.
9:48 of 2nd period - Stopped by Connor Hellebuyck with a rebound.
9:50 of 2nd period - Snap shot by Paul Stastny.
9:50 of 2nd period - Shot Misses the Net.
10:02 of 2nd period - Wrist shot by Seth Jones.
10:02 of 2nd period - Shot Blocked by Ryan Getzlaf.
10:04 of 2nd period - Snap shot by Kevin Shattenkirk.
10:04 of 2nd period - Shot Blocked by Ryan Getzlaf.
10:06 of 2nd period - Snap shot by Kevin Shattenkirk.
10:06 of 2nd period - Stopped by Juuse Saros with a rebound.
10:08 of 2nd period - Wrist shot by Pius Suter.
10:08 of 2nd period - Stopped by Juuse Saros without a rebound.
10:09 of 2nd period - Dylan Larkin wins face-off versus Boone Jenner in Edmonton Oilers zone.
10:14 of 2nd period - Slapshot by Tyler Toffoli.
10:14 of 2nd period - Stopped by Juuse Saros with a rebound.
10:16 of 2nd period - Snap shot by Dylan Larkin.
10:16 of 2nd period - Stopped by Juuse Saros without a rebound.
10:17 of 2nd period - Boone Jenner wins face-off versus Dylan Larkin in Edmonton Oilers zone.
10:17 of 2nd period - Boone Jenner is hit by John Klingberg.
10:45 of 2nd period - Wrist shot by Cam Atkinson.
10:45 of 2nd period - Shot Misses the Net.
11:12 of 2nd period - Minor Penalty to Brandon Montour for Goalie Interference.
11:13 of 2nd period - Ryan Getzlaf wins face-off versus Pius Suter in Winnipeg Jets zone.
11:15 of 2nd period - Slapshot by Ryan Getzlaf.
11:15 of 2nd period - Shot Misses the Net.
11:17 of 2nd period - Snap shot by Jakub Voracek.
11:17 of 2nd period - Stopped by Connor Hellebuyck without a rebound.
11:18 of 2nd period - Pius Suter wins face-off versus Ryan Getzlaf in Winnipeg Jets zone.
11:33 of 2nd period - Wrist shot by Ryan Getzlaf.
11:33 of 2nd period - Stopped by Connor Hellebuyck with a rebound.
11:35 of 2nd period - Snap shot by Ryan Getzlaf.
11:35 of 2nd period - Deflect By Aaron Ekblad.
11:35 of 2nd period - Stopped by Connor Hellebuyck without a rebound.
11:36 of 2nd period - Boone Jenner wins face-off versus Pius Suter in Winnipeg Jets zone.
11:37 of 2nd period - Snap shot by Jamie Benn.
11:37 of 2nd period - Shot Blocked by Aaron Ekblad.
11:39 of 2nd period - Slapshot by Damon Severson.
11:39 of 2nd period - Stopped by Connor Hellebuyck with a rebound.
11:47 of 2nd period - Snap shot by Boone Jenner.
11:47 of 2nd period - Shot Misses the Net.
11:49 of 2nd period - Wrist shot by Anthony Duclair.
11:49 of 2nd period - Stopped by Connor Hellebuyck without a rebound.
11:50 of 2nd period - Boone Jenner wins face-off versus Pius Suter in Winnipeg Jets zone.
11:59 of 2nd period - Slapshot by Adrian Kempe.
11:59 of 2nd period - Shot Misses the Net.
12:01 of 2nd period - Wrist shot by Adrian Kempe.
12:01 of 2nd period - Stopped by Connor Hellebuyck without a rebound.
12:02 of 2nd period - Boone Jenner wins face-off versus Pius Suter in Winnipeg Jets zone.
12:14 of 2nd period - Slapshot by Adrian Kempe.
12:14 of 2nd period - Shot Misses the Net.
12:16 of 2nd period - Slapshot by Damon Severson.
12:16 of 2nd period - Deflect By Boone Jenner.
12:16 of 2nd period - Stopped by Connor Hellebuyck without a rebound.
12:17 of 2nd period - Pius Suter wins face-off versus Adrian Kempe in Winnipeg Jets zone.
13:12 of 2nd period - Penalty to Brandon Montour is over, Brandon Montour is back on ice.
14:38 of 2nd period - Snap shot by Dylan Larkin.
14:38 of 2nd period - Deflect By Mathew Barzal.
14:38 of 2nd period - Stopped by Juuse Saros with a rebound.
15:03 of 2nd period - Snap shot by Anthony Duclair.
15:03 of 2nd period - Stopped by Connor Hellebuyck without a rebound.
15:04 of 2nd period - Nick Suzuki wins face-off versus Boone Jenner in Winnipeg Jets zone.
15:24 of 2nd period - Snap shot by Jonathan Marchessault.
15:24 of 2nd period - Goal by Jonathan Marchessault - Edmonton Oilers : 2 - Winnipeg Jets : 2.
15:25 of 2nd period - Connor McDavid wins face-off versus Ryan Getzlaf in neutral zone.
15:32 of 2nd period - Slapshot by Connor McDavid.
15:32 of 2nd period - Stopped by Juuse Saros without a rebound.
15:33 of 2nd period - Connor McDavid wins face-off versus Adrian Kempe in Edmonton Oilers zone.
15:36 of 2nd period - Slapshot by Ryan Nugent-Hopkins.
15:36 of 2nd period - Stopped by Juuse Saros without a rebound.
15:37 of 2nd period - Ryan Getzlaf wins face-off versus Connor McDavid in Edmonton Oilers zone.
15:48 of 2nd period - Erik Johnson is hit by Ryan Nugent-Hopkins and loses puck.
16:08 of 2nd period - Jacob Trouba is hit by Erik Johnson and loses puck.
17:13 of 2nd period - Slapshot by Paul Stastny.
17:13 of 2nd period - Stopped by Connor Hellebuyck with a rebound.
18:18 of 2nd period - Slapshot by Brandon Montour.
18:18 of 2nd period - Shot Blocked by Adrian Kempe.
18:38 of 2nd period - Ryan Nugent-Hopkins is hit by Brandon Carlo and loses puck.
18:49 of 2nd period - Connor McDavid is hit by Paul Stastny and loses puck.
Goals for this period are 0 for Edmonton Oilers vs 1 for Winnipeg Jets.
Shots for this period are 16 for Edmonton Oilers vs 14 for Winnipeg Jets.
3rd period
0:01 of 3rd period - Connor McDavid wins face-off versus Ryan Getzlaf in neutral zone.
0:05 of 3rd period - Off-side.
0:06 of 3rd period - Ryan Nugent-Hopkins wins face-off versus Ryan Getzlaf in neutral zone.
0:41 of 3rd period - Snap shot by Jamie Benn.
0:41 of 3rd period - Shot Misses the Net.
1:11 of 3rd period - Jacob Trouba is hit by Damon Severson and loses puck.
1:20 of 3rd period - Slapshot by Brandon Montour.
1:20 of 3rd period - Stopped by Juuse Saros without a rebound.
1:21 of 3rd period - Connor McDavid wins face-off versus Ryan Getzlaf in Edmonton Oilers zone.
1:22 of 3rd period - Wrist shot by Ryan Nugent-Hopkins.
1:22 of 3rd period - Shot Misses the Net.
1:24 of 3rd period - Slapshot by Kevin Shattenkirk.
1:24 of 3rd period - Stopped by Juuse Saros with a rebound.
1:26 of 3rd period - Slapshot by Kevin Shattenkirk.
1:26 of 3rd period - Deflect By Mark Stone.
1:26 of 3rd period - Stopped by Juuse Saros without a rebound.
1:27 of 3rd period - Ryan Getzlaf wins face-off versus Connor McDavid in Edmonton Oilers zone.
1:38 of 3rd period - Wrist shot by Adrian Kempe.
1:38 of 3rd period - Stopped by Connor Hellebuyck with a rebound.
1:59 of 3rd period - Slapshot by Jamie Benn.
1:59 of 3rd period - Stopped by Connor Hellebuyck without a rebound.
2:00 of 3rd period - Dylan Larkin wins face-off versus Ryan Getzlaf in Winnipeg Jets zone.
2:16 of 3rd period - Snap shot by Adrian Kempe.
2:16 of 3rd period - Stopped by Connor Hellebuyck with a rebound.
2:26 of 3rd period - Evan Bouchard is hit by Nick Suzuki.
2:36 of 3rd period - Slapshot by Boone Jenner.
2:36 of 3rd period - Shot Misses the Net.
3:10 of 3rd period - Snap shot by Tyler Toffoli.
3:10 of 3rd period - Shot Misses the Net.
3:12 of 3rd period - Slapshot by Aaron Ekblad.
3:12 of 3rd period - Stopped by Juuse Saros with a rebound.
3:20 of 3rd period - Wrist shot by Dylan Larkin.
3:20 of 3rd period - Stopped by Juuse Saros without a rebound.
3:21 of 3rd period - Ryan Getzlaf wins face-off versus Nick Suzuki in Edmonton Oilers zone.
3:30 of 3rd period - Slapshot by Anthony Duclair.
3:30 of 3rd period - Stopped by Connor Hellebuyck with a rebound.
3:32 of 3rd period - Snap shot by Anthony Duclair.
3:32 of 3rd period - Shot Misses the Net.
3:34 of 3rd period - Wrist shot by Anthony Duclair.
3:34 of 3rd period - Stopped by Connor Hellebuyck without a rebound.
3:35 of 3rd period - Connor McDavid wins face-off versus Adrian Kempe in Winnipeg Jets zone.
4:21 of 3rd period - Backhand shot by Aaron Ekblad.
4:21 of 3rd period - Deflect By Kyle Palmieri.
4:21 of 3rd period - Shot Misses the Net.
4:21 of 3rd period - Puck is out of play.
4:22 of 3rd period - Mikael Backlund wins face-off versus Pius Suter in Edmonton Oilers zone.
4:57 of 3rd period - Minor Penalty to Brandon Montour for Hooking.
4:58 of 3rd period - Pius Suter wins face-off versus Boone Jenner in Winnipeg Jets zone.
5:02 of 3rd period - Adrian Kempe is hit by Aaron Ekblad.
5:08 of 3rd period - Andrew Cogliano is hit by Adrian Kempe and loses puck.
6:22 of 3rd period - Snap shot by Seth Jones.
6:22 of 3rd period - Goal by Seth Jones - Edmonton Oilers : 2 - Winnipeg Jets : 3.
6:23 of 3rd period - Boone Jenner wins face-off versus Pius Suter in neutral zone.
6:36 of 3rd period - Slapshot by Adrian Kempe.
6:36 of 3rd period - Stopped by Connor Hellebuyck with a rebound.
6:38 of 3rd period - Slapshot by Anthony Duclair.
6:38 of 3rd period - Goal by Anthony Duclair - Edmonton Oilers : 3 - Winnipeg Jets : 3.
6:39 of 3rd period - Connor McDavid wins face-off versus Ryan Getzlaf in neutral zone.
6:46 of 3rd period - Wrist shot by Aaron Ekblad.
6:46 of 3rd period - Stopped by Juuse Saros with a rebound.
7:29 of 3rd period - Slapshot by Duncan Keith.
7:29 of 3rd period - Stopped by Connor Hellebuyck with a rebound.
8:16 of 3rd period - Slapshot by Ryan Nugent-Hopkins.
8:16 of 3rd period - Stopped by Juuse Saros with a rebound.
8:18 of 3rd period - Slapshot by Brandon Montour.
8:18 of 3rd period - Deflect By Anthony Duclair.
8:18 of 3rd period - Stopped by Juuse Saros with a rebound.
8:20 of 3rd period - Slapshot by Ryan Nugent-Hopkins.
8:20 of 3rd period - Shot Misses the Net.
8:34 of 3rd period - Snap shot by Ryan Getzlaf.
8:34 of 3rd period - Shot Hit the Post.
8:55 of 3rd period - Alex Iafallo is hit by Andrew Cogliano and loses puck.
9:02 of 3rd period - Wrist shot by Seth Jones.
9:02 of 3rd period - Deflect By Pius Suter.
9:02 of 3rd period - Stopped by Juuse Saros without a rebound.
9:03 of 3rd period - Mikael Backlund wins face-off versus Connor McDavid in Edmonton Oilers zone.
9:03 of 3rd period - Mikael Backlund is hit by Mark Stone.
10:18 of 3rd period - Boone Jenner is hit by Mark Stone and loses puck.
10:28 of 3rd period - Wrist shot by Cam Atkinson.
10:28 of 3rd period - Stopped by Connor Hellebuyck with a rebound.
10:38 of 3rd period - John Klingberg is hit by Erik Johnson and loses puck.
12:27 of 3rd period - Snap shot by Boone Jenner.
12:27 of 3rd period - Shot Misses the Net.
12:29 of 3rd period - Wrist shot by Cam Atkinson.
12:29 of 3rd period - Shot Misses the Net.
12:31 of 3rd period - Wrist shot by Damon Severson.
12:31 of 3rd period - Shot Blocked by Jacob Trouba.
12:33 of 3rd period - Slapshot by Jamie Benn.
12:33 of 3rd period - Stopped by Connor Hellebuyck with a rebound.
13:08 of 3rd period - Alex Iafallo is hit by Jonathan Marchessault and loses puck.
13:47 of 3rd period - Slapshot by Dylan Larkin.
13:47 of 3rd period - Stopped by Juuse Saros without a rebound.
13:48 of 3rd period - Boone Jenner wins face-off versus Dylan Larkin in Edmonton Oilers zone.
13:48 of 3rd period - Boone Jenner is hit by Aaron Ekblad.
15:07 of 3rd period - Slapshot by Duncan Keith.
15:07 of 3rd period - Shot Blocked by Jacob Trouba.
15:09 of 3rd period - Snap shot by Boone Jenner.
15:09 of 3rd period - Stopped by Connor Hellebuyck without a rebound.
15:10 of 3rd period - Mikael Backlund wins face-off versus Connor McDavid in Winnipeg Jets zone.
15:16 of 3rd period - Minor Penalty to Seth Jones for High sticking.
15:17 of 3rd period - Ryan Getzlaf wins face-off versus Pius Suter in Winnipeg Jets zone.
15:21 of 3rd period - Snap shot by Jakub Voracek.
15:21 of 3rd period - Goal by Jakub Voracek - Edmonton Oilers : 4 - Winnipeg Jets : 3.
15:22 of 3rd period - Connor McDavid wins face-off versus Mikael Backlund in neutral zone.
15:24 of 3rd period - Off-side.
15:25 of 3rd period - Mikael Backlund wins face-off versus Connor McDavid in neutral zone.
15:33 of 3rd period - Icing by Seth Jones.
15:34 of 3rd period - Boone Jenner wins face-off versus Connor McDavid in Winnipeg Jets zone.
15:39 of 3rd period - Snap shot by Cam Atkinson.
15:39 of 3rd period - Stopped by Connor Hellebuyck without a rebound.
15:40 of 3rd period - Boone Jenner wins face-off versus Andrew Copp in Winnipeg Jets zone.
15:57 of 3rd period - Wrist shot by Jamie Benn.
15:57 of 3rd period - Deflect By Cam Atkinson.
15:57 of 3rd period - Stopped by Connor Hellebuyck without a rebound.
15:58 of 3rd period - Mikael Backlund wins face-off versus Connor McDavid in Winnipeg Jets zone.
16:55 of 3rd period - Wrist shot by Cam Atkinson.
16:55 of 3rd period - Deflect By Boone Jenner.
16:55 of 3rd period - Stopped by Connor Hellebuyck without a rebound.
16:56 of 3rd period - Boone Jenner wins face-off versus Nick Suzuki in Winnipeg Jets zone.
17:05 of 3rd period - Evan Bouchard is hit by Seth Jones and loses puck.
17:28 of 3rd period - Adrian Kempe is hit by Connor McDavid and loses puck.
17:43 of 3rd period - Duncan Keith is hit by Brandon Montour and loses puck.
19:01 of 3rd period - Winnipeg Jets, Connor Hellebuyck is pulled from the net.
19:13 of 3rd period - Slapshot by Ryan Nugent-Hopkins.
19:13 of 3rd period - Shot Misses the Net.
19:15 of 3rd period - Wrist shot by Ryan Nugent-Hopkins.
19:15 of 3rd period - Shot Hit the Post.
19:21 of 3rd period - Snap shot by Ryan Nugent-Hopkins.
19:21 of 3rd period - Stopped by Juuse Saros without a rebound.
19:22 of 3rd period - Barry Trotz call a timeout for Winnipeg Jets.
19:22 of 3rd period - Connor McDavid wins face-off versus Boone Jenner in Edmonton Oilers zone.
19:40 of 3rd period - Minor Penalty to Tyler Toffoli for Tripping.
19:41 of 3rd period - Connor Hellebuyck from Winnipeg Jets was sent back in the game.
19:41 of 3rd period - Boone Jenner wins face-off versus Pius Suter in Winnipeg Jets zone.
Goals for this period are 2 for Edmonton Oilers vs 1 for Winnipeg Jets.
Shots for this period are 15 for Edmonton Oilers vs 12 for Winnipeg Jets.
Back to the Top